AoeStats
← 烏雲中

Lombardia

508910700Analyzed
4v4 RM · 8d ago on Sep 24, 2026· 58m 4s· 8 players
Game mode
Random Map
Map size
Large (8 player)
Population
200
Speed
Normal
Resources
Standard
Victory
Conquest
Starting age
Dark Age
Ending age
Imperial Age
RankedLock teamsTeams togetherTeam positionsShared explorationLock speedFull tech treeHidden civsTurbo modeCheats
Victory
Defeat
🇻🇳 Huns · Vietnam
1561
+13
🇩🇪 Saxons · Germany
1546
+13
🇭🇰 Sicilians · Hong Kong SAR China
1522
+14
🇳🇱 Magyars · Netherlands
1517
+15
🇹🇼 Portuguese · Taiwan
1640
-19
🇹🇼 Tupi · Taiwan
1492
-14
🇹🇼 Danes · Taiwan
1468
-13
🇹🇼 Burgundians · Taiwan
1363
-9
jardan1234
6:06 Loom
9:38 Feudal Age
10:34 Double-Bit Axe
13:16 Scale Barding Armor
13:50 Horse Collar
17:55 Bloodlines
21:37 Castle Age
22:47 Wheelbarrow
22:43 Husbandry
27:33 Chain Barding Armor
27:39 Forging
31:18 Iron Casting
40:34 Imperial Age
38:21 Hand Cart
37:51 Town Watch
39:46 Heavy Plow
40:53 Caravan
42:00 Plate Barding Armor
40:56 Cavalier
43:11 Hauberk
45:00 Iron Casting
45:29 Conscription
46:09 Fletching
45:44 Capped Ram
48:42 Blast Furnace
48:07 Bow Saw
48:29 Crop Rotation
49:29 First Crusade
49:10 Scale Mail Armor
49:16 Town Patrol
50:19 Chain Mail Armor
49:36 Siege Ram
52:08 Elite Serjeant
54:25 Masonry
54:38 Ballistics
54:14 Bodkin Arrow
56:34 Gold Mining
56:34 Stone Mining
Thien Long Xuyen
9:58 Feudal Age
11:47 Loom
14:21 Castle Age
12:49 Double-Bit Axe
13:42 Horse Collar
15:37 Bow Saw
21:16 Fletching
22:17 Bodkin Arrow
25:25 Wheelbarrow
25:25 Padded Archer Armor
26:09 Ballistics
28:50 Leather Archer Armor
30:53 Husbandry
31:37 Elite Skirmisher
35:55 Imperial Age
34:08 Hand Cart
34:25 Thumb Ring
34:53 Gold Mining
34:55 Stone Mining
36:10 Gold Shaft Mining
35:37 Heavy Plow
36:58 Conscription
36:34 Heavy Cavalry Archer
37:40 Parthian Tactics
37:53 Bracer
39:09 Chemistry
39:51 Two-Man Saw
39:48 Scale Barding Armor
39:54 Forging
40:58 Coinage
40:16 Town Watch
40:54 Caravan
41:52 Town Patrol
42:14 Chain Barding Armor
42:57 Guilds
44:11 Light Cavalry
45:07 Bloodlines
46:15 Banking
46:22 Marauders
46:58 Elite Tarkan
48:33 Iron Casting
48:35 Plate Barding Armor
51:11 Blast Furnace
51:12 Scale Mail Armor
51:14 Squires
52:16 Hussar
chrizbee
10:25 Feudal Age
14:05 Castle Age
12:25 Double-Bit Axe
12:21 Horse Collar
17:32 Loom
20:40 Wheelbarrow
23:27 Hand Cart
22:58 Town Watch
25:06 Bow Saw
24:57 Heavy Plow
24:49 Gold Mining
24:50 Stone Mining
27:32 Gold Shaft Mining
29:17 Scale Mail Armor
29:58 Town Patrol
32:57 Imperial Age
30:56 Forging
31:15 Gambesons
32:25 Iron Casting
31:57 Squires
31:44 Arson
32:37 Chain Mail Armor
33:00 Elite Hearth Troop
34:01 Conscription
33:02 Shield Wall
34:32 Plate Mail Armor
35:18 Fletching
35:30 Padded Archer Armor
39:46 Bodkin Arrow
40:07 Leather Archer Armor
40:10 Man-at-Arms
41:46 Bracer
42:18 Ring Archer Armor
42:34 Ballistics
43:19 Chemistry
41:55 Long Swordsman
42:35 Two-Handed Swordsman
43:37 Champion
45:07 Treadmill Crane
47:13 Two-Man Saw
46:44 Crop Rotation
49:31 Guilds
50:00 Caravan
53:40 Arrowslits
55:34 Coinage
Wolfie
6:54 Loom
9:12 Feudal Age
10:01 Double-Bit Axe
11:20 Horse Collar
14:07 Wheelbarrow
14:24 Scale Barding Armor
20:39 Castle Age
18:53 Gold Mining
23:52 Husbandry
25:41 Gold Shaft Mining
26:27 Heavy Plow
27:30 Bloodlines
28:09 Bow Saw
28:55 Town Watch
33:32 Imperial Age
32:03 Chain Barding Armor
32:14 Stone Mining
34:07 Hand Cart
33:45 Cavalier
36:28 Plate Barding Armor
37:52 Caravan
37:42 Paladin
41:36 Light Cavalry
42:25 Hussar
44:32 Crop Rotation
45:03 Two-Man Saw
45:51 Capped Ram
47:24 Elite Skirmisher
48:10 Thumb Ring
50:53 Fletching
51:03 Padded Archer Armor
51:34 Heavy Scorpion
52:59 Siege Engineers
53:56 Chemistry
53:16 Ballistics
55:48 Bodkin Arrow
56:08 Leather Archer Armor
57:24 Conscription
好警察
7:54 Loom
10:23 Feudal Age
14:32 Castle Age
13:33 Double-Bit Axe
17:42 Wheelbarrow
17:18 Bow Saw
19:30 Fletching
19:32 Horse Collar
21:03 Bodkin Arrow
24:54 Scale Barding Armor
25:12 Ballistics
25:33 Heavy Plow
27:45 Hand Cart
27:54 Husbandry
28:07 Town Watch
29:07 Thumb Ring
29:23 Padded Archer Armor
29:38 Gold Mining
34:03 Imperial Age
32:25 Padded Archer Armor
33:28 Leather Archer Armor
35:54 Chemistry
34:55 Bracer
35:28 Ring Archer Armor
35:00 Bracer
35:26 Bloodlines
34:37 Light Cavalry
35:24 Scale Barding Armor
36:55 Conscription
36:51 Scale Barding Armor
37:09 Siege Engineers
37:15 Masonry
36:47 Treadmill Crane
40:57 Stone Mining
44:47 Chain Barding Armor
44:38 Forging
44:34 Pikeman
45:16 Scale Mail Armor
45:53 Plate Barding Armor
48:59 Fortified Wall
49:19 Architecture
50:05 Iron Casting
52:53 Blast Furnace
反反派
7:11 Loom
10:23 Feudal Age
14:25 Castle Age
12:46 Double-Bit Axe
13:58 Scale Mail Armor
13:43 Horse Collar
15:10 Arson
20:31 Squires
22:54 Forging
23:36 Wheelbarrow
24:12 Gold Mining
24:22 Gambesons
25:25 Chain Mail Armor
26:45 Town Watch
29:00 Hand Cart
30:11 Bow Saw
35:54 Imperial Age
35:49 Iron Casting
35:53 Hamask
36:28 Elite Varangian Guard
38:19 Plate Mail Armor
40:03 Conscription
40:30 Pikeman
41:42 Halberdier
43:48 Blast Furnace
48:51 Man-at-Arms
52:10 Caravan
53:23 Long Swordsman
高德納
6:15 Loom
9:16 Feudal Age
11:26 Fletching
17:35 Double-Bit Axe
18:59 Horse Collar
21:17 Wheelbarrow
26:18 Castle Age
24:35 Padded Archer Armor
26:56 Bodkin Arrow
26:21 Crossbowman
29:49 Bow Saw
32:55 Ballistics
40:20 Heavy Plow
41:12 Hand Cart
44:40 Town Watch
48:48 Imperial Age
47:48 Leather Archer Armor
47:59 Town Patrol
48:03 Gold Mining
48:48 Caravan
49:41 Bracer
50:31 Pikeman
51:13 Scale Mail Armor
51:31 Squires
51:43 Forging
51:00 Arbalester
52:44 Chemistry
52:38 Chain Mail Armor
51:55 Halberdier
烏雲中
4:20 Double-Bit Axe
11:35 Feudal Age
12:52 Loom
16:46 Castle Age
14:35 Horse Collar
15:06 Bow Saw
20:04 Two-Man Saw
20:24 Wheelbarrow
20:46 Scale Barding Armor
21:40 Heavy Plow
21:48 Gold Mining
21:25 Cavalier
22:24 Husbandry
26:36 Chain Barding Armor
27:22 Forging
27:49 Hand Cart
32:52 Iron Casting
37:22 Imperial Age
34:47 Fletching
37:34 Bodkin Arrow
38:41 Plate Barding Armor
37:57 Paladin
38:14 Capped Ram
40:19 Blast Furnace
45:05 Bracer
49:54 Crop Rotation
51:00 Caravan
53:48 Conscription
56:01 Light Cavalry
Connection lost

Rejoining the realm…

Still unreachable

The connection could not be restored.

Session expired

The server has moved on; the page needs a fresh start.